Map: Rooftop Terrace

Players

KazraGG

  • Race: Protoss Protoss
  • Spawn Location: 7:00

LUNICORNIO

  • Race: Protoss Protoss
  • Spawn Location: 6:00

BigDiesel

  • Race: Protoss Protoss
  • Spawn Location: 6:00

diego

  • Race: Zerg Zerg
  • Spawn Location: 5:00

odin

  • Race: Terran Terran
  • Spawn Location: 1:00

Infamous

  • Race: Protoss Protoss
  • League: Silver
  • Spawn Location: 12:00

Tavish

  • Race: Protoss Protoss
  • Spawn Location: 11:00

Bennur

  • Race: Terran Terran
  • League: Silver
  • Spawn Location: 12:00

VOD

Have the link to the VOD?

Description

Time

  • Played on: March 30, 2018, 11:07 a.m.
  • Length: 18:02
Show
View Real Time Build Order
Export as new Build Order

KazraGG Protoss 

Build Orders:  

Get SALT Encoding   

  12  0:03  Probe (Chrono Boost)  
  13  0:15  Probe (Chrono Boost)  
  14  0:23  Probe (Chrono Boost)  
  15  0:29  Pylon  
  15  0:47  Probe  
  16  0:54  Gateway  
  16  0:59  Probe (Chrono Boost)  
  17  1:07  Pylon  
  17  1:11  Probe (Chrono Boost)  
  18  1:20  Probe (Chrono Boost)  
  18  1:22  Assimilator  
  19  1:26  Probe  
  20  1:33  Forge  
  20  1:39  Probe  
  21  1:45  Cybernetics Core  
  21  1:48  Pylon, Zealot  
  21  1:52  Probe  
  24  2:05  Probe  
  25  2:09  Assimilator  
  25  2:15  Zealot  
  25  2:17  Probe (Chrono Boost)  
  25  2:21  Warp Gate  
  28  2:29  Probe (Chrono Boost)  
  29  2:34  Probe (Chrono Boost)  
  30  2:44  Nexus  
  32  2:53  Stalker  
  32  2:55  Pylon, Probe  
  33  3:05  Protoss Ground Weapons Level 1 (Chrono Boost)  
  33  3:07  Probe  
  35  3:20  Probe  
  35  3:32  Probe  
  36  3:42  Pylon  
  36  3:44  Probe  
  36  3:45  Pylon  
  36  3:48  Assimilator  
  37  3:54  Assimilator  
  37  3:58  Probe x2 (Chrono Boost)  
  37  4:00  Gateway  
  37  4:02  Gateway  
  39  4:04  Pylon  
  39  4:10  Probe (Chrono Boost)  
  39  4:16  Probe (Chrono Boost)  
  41  4:17  Pylon  
  41  4:19  Probe (Chrono Boost)  
  41  4:23  Probe (Chrono Boost)  
  43  4:30  Probe  
  44  4:34  Probe  
  45  4:40  Pylon  
  45  4:42  Probe  
  46  4:46  Probe, Robotics Facility  
  46  4:49  Protoss Ground Armor Level 1 (Chrono Boost)  
  47  4:54  Probe, Zealot  
  47  4:59  Probe  
  51  5:06  Probe  
  52  5:10  Nexus  
  52  5:11  Probe  
  53  5:15  Zealot  
  53  5:18  Probe  
  56  5:23  Probe  
  57  5:30  Probe  
  57  5:33  Robotics Facility  
  57  5:35  Probe  
  59  5:42  Probe, Assimilator  
  60  5:43  Assimilator  
  60  5:46  Zealot  
  62  5:50  Gateway  
  62  5:52  Gateway  
  62  5:55  Immortal  
  66  6:08  Probe x2  
  66  6:09  Pylon  
  68  6:11  Zealot  
  70  6:20  Probe x2  
  70  6:24  Twilight Council  
  70  6:25  Pylon  
  72  6:26  Probe  
  72  6:30  Protoss Shields Level 1 (Chrono Boost)  
  72  6:31  Immortal (Chrono Boost)  
  72  6:32  Probe  
  74  6:33  Probe  
  74  6:38  Probe  
  80  6:44  Probe  
  80  6:45  Probe  
  82  6:47  Zealot  
  82  6:48  Zealot  
  82  6:50  Probe  
  87  6:56  Probe  
  87  6:57  Probe  
  89  7:02  Probe  
  89  7:08  Immortal (Chrono Boost)  
  94  7:09  Probe x2  
  94  7:12  Immortal (Chrono Boost)  
  94  7:14  Probe  
  101  7:20  Pylon  
  101  7:21  Probe x2, Pylon  
  103  7:23  Pylon  
  103  7:26  Probe  
  104  7:32  Charge (Chrono Boost)  
  104  7:33  Probe x2  
  106  7:39  Probe  
  106  7:40  Immortal  
  106  7:41  Immortal  
  111  7:49  Templar Archives  
  115  7:56  Pylon  
  115  8:05  Forge  
  115  8:07  Protoss Ground Weapons Level 2 (Chrono Boost)  
  115  8:19  Pylon, Immortal (Chrono Boost)  
  119  8:21  Pylon  
  119  8:26  Zealot x3  
  125  8:42  Gateway  
  125  8:43  Gateway  
  125  8:54  Immortal (Chrono Boost)  
  129  8:55  Immortal (Chrono Boost)  
  129  8:57  Zealot x3  
  129  8:58  Zealot x2  
  143  9:06  Protoss Shields Level 2 (Chrono Boost)  
  139  9:23  Immortal (Chrono Boost)  
  137  9:25  Immortal (Chrono Boost)  
  145  9:34  Zealot  
  145  9:35  Zealot x4  
  155  9:48  Pylon  
  155  9:51  Zealot  
  155  9:52  Zealot  
  159  9:55  Immortal  
  159  9:57  Immortal  
  167  10:00  Protoss Ground Armor Level 2 (Chrono Boost)  
  167  10:11  Zealot x5  
  167  10:12  Zealot  
  167  10:13  Pylon  
  179  10:19  Pylon  
  179  10:23  Nexus  
  179  10:25  Assimilator  
  179  10:30  Assimilator  
  179  10:36  Zealot x4  
  179  10:37  Zealot x3  
  193  11:05  Gateway  
  193  11:06  Protoss Ground Weapons Level 3 (Chrono Boost)  
  193  11:07  Gateway  
  193  11:10  Gateway  
  193  11:11  Gateway  
  193  11:25  Observer, Warp Prism  
  145  12:23  Zealot x4  
  145  12:24  Zealot x3  
  133  12:55  Zealot x2  
  133  12:56  Zealot x3  
  133  12:57  Zealot x2  
  147  13:06  Immortal x2  
  155  13:24  Stalker x2  
  155  13:32  Stalker x5  
  121  13:45  Immortal x2  
  125  13:49  Stalker  
  125  13:50  Stalker, Blink (Chrono Boost)  
  121  13:58  Protoss Ground Armor Level 3 (Chrono Boost)  
  121  13:59  Protoss Shields Level 3 (Chrono Boost)  
  119  14:32  Zealot x5  
  119  14:33  Nexus  
  119  14:35  Stalker x2  
  119  14:36  Pylon  
  133  14:38  Pylon  
  133  14:41  Pylon  
  133  14:51  Pylon  
  133  14:58  Stalker  
  133  14:59  Stalker x3  
  141  15:00  Stalker x2  
  141  15:01  Stalker x2  
  141  15:02  Stalker x3  
  155  15:36  Stalker x6  
  155  15:37  Stalker x5  
  177  15:49  Photon Cannon  
  177  16:00  Zealot x3  
  177  16:01  Zealot x6  
  177  16:02  Zealot x2  
  199  16:06  Pylon  
  112  17:10  Stalker x6  
  112  17:11  Stalker x5  
Show
View Real Time Build Order
Export as new Build Order

LUNICORNIO Protoss 

Build Orders: 1 Gate Expand 

Get SALT Encoding   

  12  0:09  Probe (Chrono Boost)  
  13  0:19  Probe (Chrono Boost)  
  14  0:32  Pylon  
  14  0:33  Probe  
  15  0:50  Probe  
  15  0:56  Gateway  
  16  1:02  Probe  
  17  1:30  Nexus  
  17  1:47  Forge  
  17  1:59  Pylon  
  17  2:23  Assimilator  
  17  2:24  Probe  
  18  2:32  Photon Cannon  
  18  2:36  Probe  
  19  2:47  Probe (Chrono Boost)  
  19  2:50  Assimilator  
  20  2:57  Probe (Chrono Boost)  
  21  3:02  Probe (Chrono Boost)  
  23  3:05  Probe  
  23  3:07  Assimilator  
  23  3:13  Probe  
  23  3:15  Photon Cannon  
  23  3:17  Probe  
  25  3:25  Probe  
  25  3:26  Cybernetics Core  
  26  3:29  Pylon  
  26  3:34  Photon Cannon  
  26  3:41  Probe (Chrono Boost)  
  27  3:52  Probe (Chrono Boost), Assimilator  
  28  3:57  Probe (Chrono Boost)  
  29  4:08  Probe  
  29  4:09  Pylon  
  30  4:10  Pylon  
  30  4:13  Pylon  
  30  4:16  Pylon  
  30  4:19  Pylon  
  30  4:20  Probe  
  31  4:30  Stargate  
  31  4:32  Stargate  
  31  4:48  Stargate  
  31  4:52  Stargate  
  31  4:55  Probe (Chrono Boost)  
  32  5:05  Probe (Chrono Boost)  
  33  5:08  Nexus  
  33  5:14  Assimilator  
  33  5:17  Assimilator  
  33  5:22  Pylon  
  33  5:25  Pylon  
  33  5:37  Probe  
  33  5:39  Fleet Beacon  
  33  5:42  Probe  
  35  5:49  Probe  
  36  5:54  Probe  
  37  6:05  Photon Cannon  
  37  6:08  Photon Cannon  
  37  6:10  Photon Cannon  
  37  6:23  Probe (Chrono Boost)  
  38  6:26  Robotics Facility  
  39  6:33  Probe (Chrono Boost)  
  39  6:38  Probe (Chrono Boost)  
  40  6:43  Carrier  
  40  6:45  Pylon  
  46  6:50  Probe (Chrono Boost)  
  46  6:53  Probe (Chrono Boost)  
  48  7:01  Probe (Chrono Boost), Carrier  
  49  7:04  Probe (Chrono Boost)  
  49  7:06  Probe (Chrono Boost)  
  57  7:14  Carrier  
  63  7:27  Carrier  
  69  7:35  Probe  
  70  7:46  Observer  
  70  7:47  Probe  
  72  8:07  Observer  
  72  8:08  Carrier  
  78  8:27  Carrier (Chrono Boost)  
  84  8:40  Carrier (Chrono Boost)  
  90  9:33  Carrier x2 (Chrono Boost)  
  102  9:50  Carrier (Chrono Boost)  
  108  9:56  Carrier (Chrono Boost), Protoss Air Armor Level 1  
  114  10:31  Shield Battery  
  114  10:41  Shield Battery  
  114  10:45  Shield Battery  
  114  10:52  Pylon  
  114  10:53  Carrier x2  
  126  11:04  Pylon  
  126  11:08  Carrier  
  132  11:18  Photon Cannon  
  132  11:21  Carrier  
  132  11:22  Photon Cannon  
  132  11:24  Photon Cannon  
  138  11:28  Photon Cannon  
  138  11:53  Photon Cannon  
  108  13:11  Carrier x2  
  108  13:12  Carrier x2  
  112  14:11  Mothership  
  120  14:37  Carrier x4  
  145  14:53  Observer  
  145  15:12  Pylon  
  146  15:14  Observer  
  146  15:23  Pylon  
  146  15:25  Pylon  
  146  16:00  Carrier x4 (Chrono Boost)  
  170  16:53  Pylon  
  170  16:58  Pylon  
  170  17:00  Pylon  
  170  17:05  Pylon  
Show
View Real Time Build Order
Export as new Build Order

BigDiesel Protoss 

Build Orders:  

Get SALT Encoding   

  12  0:02  Probe  
  13  0:14  Probe (Chrono Boost)  
  14  0:25  Probe (Chrono Boost)  
  15  0:52  Pylon  
  15  0:55  Pylon  
  15  0:57  Pylon  
  15  1:02  Assimilator  
  15  1:06  Assimilator  
  16  1:12  Probe (Chrono Boost)  
  16  1:14  Gateway  
  16  1:18  Probe (Chrono Boost)  
  16  1:25  Forge  
  17  1:28  Probe  
  18  1:40  Probe  
  19  1:52  Probe  
  20  2:09  Probe (Chrono Boost)  
  20  2:11  Nexus  
  21  2:19  Probe (Chrono Boost)  
  22  2:24  Probe (Chrono Boost)  
  23  2:36  Probe  
  24  2:40  Cybernetics Core  
  24  2:48  Probe  
  25  3:27  Photon Cannon  
  25  3:28  Photon Cannon  
  25  3:31  Photon Cannon  
  25  3:32  Photon Cannon  
  25  3:34  Photon Cannon  
  25  3:41  Stargate  
  25  3:48  Stargate  
  25  3:58  Protoss Shields Level 1  
  25  4:01  Probe (Chrono Boost)  
  26  4:11  Probe (Chrono Boost)  
  26  4:16  Probe (Chrono Boost)  
  28  4:26  Assimilator  
  28  4:27  Probe (Chrono Boost)  
  28  4:30  Assimilator  
  31  4:39  Probe (Chrono Boost)  
  31  4:43  Probe (Chrono Boost)  
  31  4:48  Probe (Chrono Boost)  
  31  4:51  Probe (Chrono Boost)  
  33  4:56  Void Ray  
  33  4:57  Probe x2 (Chrono Boost)  
  39  5:04  Probe  
  39  5:06  Probe  
  41  5:08  Void Ray  
  45  5:16  Probe  
  46  5:23  Protoss Air Weapons Level 1  
  46  5:30  Cybernetics Core  
  46  5:39  Pylon  
  46  5:42  Pylon  
  46  5:47  Pylon  
  46  6:05  Probe (Chrono Boost)  
  46  6:09  Nexus  
  47  6:13  Assimilator, Protoss Air Armor Level 1  
  47  6:16  Probe (Chrono Boost)  
  47  6:17  Assimilator  
  47  6:18  Probe (Chrono Boost)  
  49  6:21  Probe (Chrono Boost)  
  50  6:27  Probe (Chrono Boost)  
  52  6:34  Probe (Chrono Boost)  
  52  6:39  Probe (Chrono Boost)  
  53  6:45  Probe (Chrono Boost)  
  55  6:47  Probe (Chrono Boost)  
  55  6:53  Probe  
  55  6:54  Fleet Beacon  
  55  6:59  Twilight Council  
  56  7:01  Pylon  
  56  7:04  Pylon  
  56  7:08  Pylon x3  
  56  7:10  Pylon  
  56  7:11  Pylon  
  56  7:12  Pylon  
  56  7:13  Pylon  
  56  7:33  Void Ray  
  56  7:34  Void Ray  
  64  7:41  Protoss Shields Level 2 (Chrono Boost)  
  64  8:05  Probe (Chrono Boost)  
  66  8:13  Probe (Chrono Boost)  
  66  8:16  Probe (Chrono Boost), Void Ray  
  72  8:21  Probe (Chrono Boost)  
  72  8:23  Probe (Chrono Boost)  
  72  8:26  Probe (Chrono Boost)  
  73  8:31  Probe  
  75  8:37  Probe  
  76  8:43  Probe  
  77  8:49  Probe  
  62  9:23  Void Ray x2  
  70  9:39  Probe  
  70  9:44  Protoss Air Weapons Level 2 (Chrono Boost)  
  71  9:46  Protoss Air Armor Level 2 (Chrono Boost)  
  71  9:51  Probe  
  72  10:03  Probe  
  72  10:06  Void Ray x2  
  81  10:10  Stargate  
  81  10:12  Stargate  
  81  10:15  Probe, Stargate  
  81  10:19  Protoss Shields Level 3 (Chrono Boost)  
  82  10:27  Probe  
  83  10:41  Probe  
  84  10:45  Probe  
  84  10:49  Void Ray x2  
  93  11:02  Void Ray x2  
  93  11:03  Void Ray  
  105  11:05  Nexus  
  105  11:07  Assimilator  
  105  11:09  Assimilator  
  105  11:14  Pylon  
  105  11:15  Pylon  
  105  11:16  Pylon  
  105  11:17  Pylon  
  105  11:18  Pylon  
  105  11:20  Pylon  
  105  11:32  Void Ray x2  
  113  11:44  Void Ray  
  113  11:45  Void Ray  
  113  11:46  Void Ray  
  125  12:14  Void Ray  
  125  12:15  Void Ray  
  133  12:17  Probe  
  134  12:25  Probe  
  134  12:27  Void Ray  
  134  12:28  Void Ray  
  134  12:29  Void Ray  
  148  12:30  Probe  
  144  12:37  Probe  
  144  12:42  Probe  
  114  12:49  Probe  
  103  12:54  Probe  
  97  13:01  Probe  
  81  13:06  Probe  
  82  13:13  Probe  
  47  14:56  Probe  
  48  15:07  Pylon  
  48  15:08  Probe, Pylon  
  48  15:09  Pylon  
  48  15:10  Pylon  
  48  15:12  Pylon x2  
  48  15:13  Pylon  
  49  15:15  Pylon  
  49  15:16  Pylon  
  49  15:18  Pylon x2  
  49  15:19  Pylon  
  49  15:20  Probe  
  49  15:21  Pylon  
  50  15:22  Pylon  
  50  15:23  Pylon  
  50  15:32  Probe  
  51  15:44  Probe  
  51  15:49  Gateway  
  52  16:00  Pylon  
  52  16:02  Pylon  
  52  16:03  Pylon  
  52  16:46  Cybernetics Core  
  52  17:24  Stargate  
  52  17:25  Stargate  
  52  17:30  Stargate  
  52  17:35  Stargate  
  52  17:40  Stargate  
Show
View Real Time Build Order
Export as new Build Order

diego Zerg 

Build Orders: Pool First 

Get SALT Encoding   

  12  0:03  Drone  
  13  0:17  Extractor, Drone x2  
  14  0:35  Spawning Pool  
  14  0:38  Drone  
  14  0:55  Overlord  
  14  1:02  Overlord  
  14  1:22  Lair  
  14  1:24  Drone  
  14  1:25  Drone  
  16  1:40  Drone x2  
  16  1:46  Extractor  
  17  1:50  Drone  
  18  2:13  Hatchery  
  17  2:21  Hydralisk Den  
  16  2:23  Drone x2  
  16  2:25  Drone  
  19  2:35  Drone  
  20  2:40  Queen  
  22  2:48  Drone  
  23  3:01  Hydralisk  
  25  3:14  Hydralisk  
  27  3:25  Queen  
  29  3:28  Drone  
  30  3:43  Hydralisk x2  
  30  3:45  Hydralisk  
  36  3:50  Overlord  
  36  3:52  Overlord  
  36  4:02  Overlord  
  36  4:24  Hydralisk x2  
  36  4:25  Hydralisk  
  42  4:36  Drone  
  43  4:39  Drone  
  43  4:40  Drone x2  
  46  4:50  Overseer  
  46  4:53  Hydralisk  
  46  4:54  Hydralisk x2  
  52  5:03  Overlord  
  52  5:13  Drone x2  
  52  5:14  Drone x3  
  57  5:24  Hydralisk  
  57  5:25  Extractor  
  58  5:42  Hatchery  
  57  5:53  Hydralisk x2  
  61  6:02  Hydralisk  
  63  6:19  Drone x2  
  63  6:20  Infestation Pit  
  64  6:31  Hydralisk  
  66  6:47  Hydralisk  
  66  6:49  Overlord x3  
  66  6:50  Overlord x2  
  66  6:52  Overlord  
  68  6:57  Drone  
  68  7:01  Queen  
  71  7:03  Hydralisk  
  73  7:09  Hydralisk x2  
  73  7:10  Hydralisk  
  79  7:18  Hydralisk  
  79  7:19  Hydralisk  
  83  7:25  Swarm Host  
  83  7:27  Swarm Host  
  89  7:34  Hydralisk  
  91  7:42  Hydralisk x2  
  95  7:46  Hydralisk  
  97  8:00  Hydralisk x3  
  103  8:06  Hydralisk  
  103  8:08  Hydralisk  
  107  8:13  Hydralisk  
  109  8:21  Hydralisk  
  109  8:23  Hydralisk  
  113  8:29  Hydralisk  
  115  8:55  Hydralisk  
  115  8:56  Hydralisk x2  
  115  8:58  Overlord x3  
  113  9:12  Hydralisk x2  
  113  9:13  Drone  
  105  9:24  Hydralisk x3  
  105  9:30  Hydralisk  
  113  9:49  Drone x6  
  119  9:54  Extractor  
  118  10:14  Infestor x2  
  118  10:20  Neural Parasite  
  122  10:30  Hydralisk  
  122  10:31  Hydralisk  
  126  10:51  Extractor  
  126  10:53  Hydralisk x2  
  126  10:54  Hydralisk  
  126  10:55  Hydralisk  
  126  10:56  Hydralisk  
  135  10:58  Hydralisk  
  137  11:10  Hydralisk  
  139  11:14  Hydralisk  
  141  11:22  Extractor, Drone  
  141  11:23  Drone x2  
  143  11:27  Hydralisk  
  143  11:30  Overlord x3  
  143  11:31  Overlord x2  
  108  12:06  Hydralisk x3  
  108  12:07  Hydralisk x3  
  66  12:16  Hydralisk  
  66  12:17  Hydralisk x3  
  66  12:54  Infestor  
  66  12:55  Infestor x4  
  62  13:10  Burrow  
  62  13:14  Hydralisk x3  
  68  13:38  Infestor x2  
  38  14:38  Infestor x4  
  38  14:46  Hydralisk x5  
  38  14:47  Hydralisk x2  
  38  14:50  Hydralisk x2  
  52  14:59  Infestor x3  
  58  16:07  Infestor x3  
  64  17:03  Spawning Pool  
Show
View Real Time Build Order
Export as new Build Order

odin Terran 

Build Orders: Mech 

Get SALT Encoding   

  12  0:02  SCV  
  13  0:14  SCV  
  14  0:26  SCV  
  15  0:29  Supply Depot  
  15  0:31  Refinery  
  15  0:50  SCV  
  15  0:52  Barracks  
  16  1:02  SCV  
  16  1:03  Refinery  
  17  1:14  SCV  
  18  1:26  SCV  
  19  1:39  SCV  
  20  1:42  Barracks Tech Lab  
  20  1:43  Factory  
  20  1:51  SCV  
  21  2:03  SCV  
  22  2:15  SCV  
  23  2:27  Supply Depot  
  23  2:45  Command Center  
  23  2:48  SCV  
  23  2:50  Supply Depot, Siege Tank  
  27  3:03  Orbital Command  
  27  3:13  Supply Depot  
  27  3:22  Siege Tank  
  30  3:51  Factory  
  30  3:54  Siege Tank  
  33  3:58  SCV  
  33  4:00  Refinery  
  34  4:10  SCV  
  34  4:16  SCV  
  36  4:20  Refinery  
  36  4:22  SCV  
  37  4:26  Siege Tank  
  37  4:29  SCV  
  41  4:34  SCV  
  41  4:36  Factory Tech Lab  
  41  4:37  Armory  
  42  4:41  SCV  
  43  4:46  SCV  
  44  4:53  SCV  
  45  5:05  SCV  
  46  5:07  SCV  
  47  5:17  SCV  
  47  5:19  SCV  
  49  5:23  Thor  
  49  5:24  Thor  
  61  5:28  Supply Depot  
  61  5:29  SCV  
  62  5:48  Command Center  
  62  5:50  SCV x2  
  64  6:02  SCV  
  65  6:14  SCV  
  65  6:18  Supply Depot  
  66  6:27  Orbital Command  
  66  6:39  Thor  
  78  7:02  Refinery  
  78  7:03  Thor  
  78  7:09  SCV  
  79  7:20  SCV  
  79  7:21  SCV  
  81  7:28  Refinery  
  81  7:32  SCV  
  81  7:33  SCV  
  81  7:36  Supply Depot  
  83  7:41  Factory  
  83  7:44  SCV, Terran Vehicle Weapons Level 1  
  83  7:46  SCV  
  85  7:56  SCV  
  85  7:58  SCV  
  87  8:04  Supply Depot  
  87  8:09  SCV, Thor x2  
  100  8:27  Supply Depot  
  94  8:51  Thor  
  82  9:21  Starport  
  70  9:24  Factory Tech Lab  
  70  9:32  Armory  
  70  9:33  Thor  
  70  9:34  Thor  
  70  9:38  Terran Vehicle And Ship Armor Level 1  
  82  9:55  Thor  
  82  9:59  Starport, Starport Reactor  
  88  10:16  Thor  
  88  10:17  Thor  
  88  10:20  Supply Depot  
  100  10:31  Terran Vehicle Weapons Level 2  
  100  10:38  Supply Depot  
  100  10:40  Starport Reactor  
  106  10:42  Supply Depot  
  106  10:58  Command Center  
  106  10:59  Thor  
  106  11:00  Thor  
  106  11:03  Supply Depot  
  118  11:07  Supply Depot  
  112  11:31  Thor  
  118  11:39  Supply Depot  
  118  11:42  Thor  
  118  11:43  Thor  
  130  12:14  Thor  
  136  12:20  Supply Depot  
  136  12:25  Siege Tank  
  136  12:26  Siege Tank  
  142  12:30  Viking x4  
  142  12:37  Terran Ship Weapons Level 1  
  132  12:44  Supply Depot  
  132  12:47  Terran Vehicle And Ship Armor Level 2  
  132  12:57  Siege Tank  
  135  13:00  Viking x4  
  143  13:06  Thor x2  
  143  13:08  Supply Depot  
  149  13:30  Viking x2  
  135  13:53  Thor  
  135  13:54  Thor  
  135  13:56  Viking x2  
  135  14:00  Viking x2  
  137  14:11  Refinery  
  137  14:12  SCV  
  138  14:25  SCV  
  138  14:26  Viking  
  141  14:37  SCV, Refinery  
  142  14:45  Viking x3  
  148  14:49  SCV  
  149  14:56  Viking  
  151  15:01  SCV  
  151  15:02  Terran Ship Weapons Level 2  
  151  15:04  Terran Vehicle And Ship Armor Level 3  
  152  15:08  Thor x3  
  170  15:15  Viking x3  
  176  15:26  Viking  
  178  15:45  Viking x3  
  184  15:56  Viking  
  186  16:15  Viking x2  
  190  16:31  Thor  
  142  16:59  Thor x2  
  142  17:14  Thor  
Show
View Real Time Build Order
Export as new Build Order

Infamous Protoss 

Build Orders:  

Get SALT Encoding   

  12  0:01  Probe  
  13  0:14  Probe  
  14  0:19  Pylon  
  14  0:27  Probe  
  15  0:37  Gateway  
  15  0:42  Probe  
  16  0:55  Probe (Chrono Boost)  
  17  1:04  Assimilator  
  17  1:06  Probe (Chrono Boost)  
  18  1:12  Probe (Chrono Boost)  
  19  1:24  Cybernetics Core  
  19  1:26  Probe  
  20  1:41  Probe  
  20  1:43  Assimilator  
  20  1:45  Pylon  
  21  1:57  Zealot  
  23  2:03  Probe (Chrono Boost)  
  24  2:15  Probe (Chrono Boost), Warp Gate (Chrono Boost)  
  25  2:29  Pylon  
  25  2:39  Twilight Council  
  25  2:42  Adept  
  25  2:43  Probe  
  28  3:05  Probe  
  29  3:13  Resonating Glaives (Chrono Boost)  
  29  3:14  Nexus  
  29  3:16  Pylon  
  29  3:17  Probe (Chrono Boost)  
  29  3:18  Pylon  
  30  3:21  Pylon  
  29  3:37  Probe  
  29  3:38  Forge  
  30  3:52  Pylon  
  30  3:58  Shield Battery  
  30  4:06  Gateway  
  30  4:08  Gateway  
  30  4:09  Probe  
  31  4:21  Photon Cannon  
  32  4:24  Probe (Chrono Boost)  
  32  4:27  Probe (Chrono Boost)  
  33  4:33  Sentry  
  33  4:37  Probe (Chrono Boost)  
  33  4:38  Probe (Chrono Boost)  
  37  4:51  Gateway  
  37  4:53  Gateway  
  37  4:56  Protoss Ground Weapons Level 1  
  37  5:05  Photon Cannon  
  37  5:08  Probe  
  37  5:10  Pylon  
  38  5:15  Adept  
  38  5:16  Zealot  
  38  5:19  Sentry  
  44  5:28  Probe (Chrono Boost)  
  46  5:33  Probe (Chrono Boost)  
  46  5:42  Photon Cannon  
  46  5:44  Shield Battery  
  46  5:47  Gateway  
  46  5:57  Probe x2, Pylon  
  46  6:01  Pylon  
  46  6:02  Assimilator  
  48  6:06  Stalker x2  
  48  6:08  Sentry  
  54  6:20  Probe (Chrono Boost)  
  54  6:23  Probe (Chrono Boost)  
  58  6:33  Probe (Chrono Boost)  
  58  6:36  Probe (Chrono Boost)  
  58  6:38  Forge  
  58  6:39  Photon Cannon  
  58  6:40  Stalker x2  
  58  6:41  Stalker  
  58  6:43  Sentry  
  66  7:11  Protoss Shields Level 1 (Chrono Boost), Robotics Facility  
  66  7:13  Robotics Facility  
  66  7:15  Pylon  
  66  7:16  Probe (Chrono Boost)  
  66  7:17  Protoss Ground Armor Level 1 (Chrono Boost)  
  66  7:18  Probe (Chrono Boost)  
  68  7:27  Gateway  
  68  7:29  Probe (Chrono Boost)  
  69  7:30  Charge  
  69  7:37  Stalker x2  
  69  7:40  Adept  
  69  7:42  Sentry  
  69  7:43  Sentry  
  79  7:56  Sentry  
  81  8:19  Robotics Bay  
  81  8:22  Assimilator  
  81  8:24  Immortal (Chrono Boost)  
  85  8:30  Probe  
  85  8:31  Probe  
  87  8:43  Probe  
  87  8:47  Stalker x2  
  87  8:48  Stalker x2  
  96  9:03  Archon  
  96  9:05  Archon x2  
  55  9:28  Stalker  
  55  9:29  Stalker x3  
  55  9:30  Stalker x2  
  61  9:48  Probe x2, Gateway  
  61  9:50  Gateway  
  63  9:59  Pylon  
  63  10:01  Pylon  
  63  10:05  Twilight Council  
  63  10:11  Protoss Ground Armor Level 2 (Chrono Boost)  
  63  10:12  Zealot  
  63  10:13  Zealot x6  
  77  10:30  Protoss Ground Weapons Level 2 (Chrono Boost)  
  77  10:38  Gateway  
  77  10:40  Colossus (Chrono Boost), Gateway  
  83  10:49  Immortal (Chrono Boost)  
  87  10:55  Probe x2  
  89  10:59  Zealot x2  
  89  11:00  Stalker  
  89  11:01  Stalker x4  
  103  11:05  Adept  
  105  11:18  Probe  
  105  11:19  Probe  
  105  11:24  Sentry x2  
  111  11:33  Immortal (Chrono Boost)  
  115  11:40  Probe x2  
  115  11:44  Zealot  
  115  11:45  Zealot x4  
  115  11:46  Zealot  
  129  11:48  Stalker  
  129  11:51  Adept  
  133  12:03  Probe  
  134  12:17  Templar Archives  
  134  12:38  Protoss Ground Weapons Level 3 (Chrono Boost)  
  134  12:42  Pylon  
  134  12:43  Pylon  
  134  12:45  Pylon  
  134  12:47  Pylon  
  134  12:59  Colossus  
  134  13:00  Probe  
  141  13:09  Stalker x2  
  141  13:10  Stalker x2  
  141  13:12  Zealot  
  151  13:13  Sentry  
  115  13:55  High Templar x2  
  117  13:56  High Templar x2  
  75  14:40  Stalker x2  
  75  14:41  High Templar  
  75  14:42  High Templar  
  75  14:44  Stalker x2  
  87  15:18  High Templar x2  
  87  15:20  Stalker x2  
  95  15:36  Pylon  
  95  15:39  Pylon  
  95  15:41  Pylon  
  95  15:43  Pylon  
  95  15:44  Stalker x3  
  95  15:46  Pylon  
  95  15:47  Stalker x3  
  107  15:52  Pylon  
  107  16:00  Photon Cannon  
  107  16:02  Photon Cannon  
  107  16:05  Archon  
  107  16:06  Archon x3  
  107  16:16  Stalker  
  107  16:17  Stalker  
  111  16:22  Sentry  
  111  16:39  Photon Cannon  
  111  16:43  Probe  
  100  17:44  Stalker x5  
  84  17:45  Stalker  
Show
View Real Time Build Order
Export as new Build Order

Tavish Protoss 

Build Orders:  

Get SALT Encoding   

  12  0:03  Probe  
  13  0:17  Pylon  
  13  0:19  Probe  
  14  0:38  Pylon  
  14  0:43  Gateway  
  14  0:58  Probe  
  15  1:04  Assimilator  
  15  1:06  Assimilator  
  15  1:10  Probe, Pylon  
  16  1:22  Forge  
  16  1:36  Probe  
  17  1:48  Probe  
  18  1:58  Cybernetics Core  
  18  2:00  Probe  
  19  2:11  Nexus  
  19  2:21  Assimilator  
  19  2:26  Pylon  
  19  2:34  Pylon  
  19  2:46  Probe  
  20  2:58  Probe  
  21  3:10  Probe  
  22  3:23  Probe (Chrono Boost)  
  25  3:34  Probe (Chrono Boost)  
  25  3:36  Probe (Chrono Boost)  
  25  3:37  Stargate  
  25  3:39  Probe (Chrono Boost)  
  26  3:41  Stargate  
  26  3:45  Pylon  
  26  3:48  Pylon  
  26  3:50  Probe  
  27  3:56  Stargate  
  27  4:00  Pylon  
  27  4:02  Probe  
  28  4:10  Probe  
  28  4:14  Probe  
  30  4:22  Probe  
  31  4:26  Probe  
  32  4:33  Nexus  
  32  4:34  Probe  
  34  4:38  Probe  
  34  4:40  Assimilator  
  34  4:50  Probe  
  35  5:02  Probe  
  35  5:03  Void Ray  
  35  5:05  Void Ray  
  44  5:14  Probe  
  44  5:17  Void Ray  
  49  5:27  Probe  
  50  5:39  Probe  
  51  5:46  Void Ray  
  55  5:51  Probe  
  56  5:58  Probe  
  56  6:00  Void Ray  
  56  6:03  Probe  
  62  6:10  Probe, Protoss Air Weapons Level 1  
  63  6:15  Probe  
  64  6:22  Probe  
  65  6:27  Probe  
  65  6:31  Fleet Beacon  
  66  6:34  Probe  
  66  6:39  Probe  
  68  6:46  Probe  
  69  6:47  Void Ray  
  69  6:51  Probe, Void Ray  
  78  6:59  Probe  
  79  7:03  Probe  
  79  7:04  Assimilator  
  79  7:05  Assimilator  
  80  7:10  Void Ray  
  80  7:11  Probe  
  85  7:15  Probe  
  86  7:23  Probe  
  86  7:28  Probe  
  88  7:35  Probe  
  88  7:36  Void Ray  
  93  7:37  Void Ray  
  97  7:47  Probe  
  98  7:52  Void Ray  
  102  8:03  Pylon  
  102  8:04  Pylon  
  102  8:05  Pylon  
  102  8:09  Pylon  
  102  8:11  Pylon  
  102  8:12  Pylon  
  102  8:14  Pylon  
  102  8:15  Pylon  
  102  8:18  Pylon  
  102  8:19  Pylon  
  102  8:21  Pylon  
  102  8:52  Nexus  
  102  8:55  Pylon  
  102  8:57  Void Ray  
  102  8:58  Pylon, Void Ray x2  
  114  9:03  Pylon  
  114  9:10  Pylon  
  114  9:12  Pylon  
  114  9:17  Photon Cannon  
  114  9:20  Photon Cannon  
  114  9:22  Photon Cannon  
  114  9:24  Photon Cannon  
  114  9:26  Photon Cannon  
  114  9:28  Photon Cannon  
  114  9:30  Assimilator  
  114  9:35  Assimilator  
  114  9:36  Protoss Air Weapons Level 2 (Chrono Boost)  
  114  9:40  Void Ray  
  114  9:41  Shield Battery, Void Ray x2  
  126  10:15  Probe  
  127  10:23  Void Ray (Chrono Boost)  
  127  10:25  Void Ray (Chrono Boost)  
  127  10:26  Void Ray (Chrono Boost)  
  127  10:28  Probe  
  140  10:40  Probe  
  141  10:52  Probe  
  142  11:03  Void Ray x3 (Chrono Boost)  
  142  11:04  Probe  
  155  11:16  Probe  
  156  11:28  Probe  
  157  11:39  Void Ray x3  
  169  11:40  Probe  
  169  11:45  Protoss Air Armor Level 1  
  170  11:52  Probe  
  167  12:04  Probe  
  148  12:22  Void Ray x2 (Chrono Boost)  
  155  12:23  Void Ray (Chrono Boost)  
  79  13:01  Void Ray (Chrono Boost)  
  79  13:02  Void Ray (Chrono Boost)  
  91  13:11  Void Ray (Chrono Boost)  
  91  13:37  Void Ray  
  91  13:38  Void Ray  
  99  13:47  Void Ray  
  103  14:15  Nexus  
  103  14:20  Void Ray x2  
  103  14:24  Pylon  
  111  14:26  Pylon  
  111  14:28  Pylon  
  111  14:30  Void Ray  
  111  14:31  Pylon  
  115  14:35  Assimilator  
  115  14:39  Assimilator  
  115  15:03  Void Ray x2  
  123  15:13  Void Ray  
  127  15:28  Nexus  
  119  15:45  Void Ray  
  119  15:46  Void Ray  
  123  15:56  Void Ray  
  88  16:28  Void Ray  
  88  16:29  Void Ray  
  79  16:39  Void Ray  
  75  16:50  Probe  
  75  17:02  Probe  
  66  17:12  Void Ray  
  66  17:14  Probe  
  69  17:27  Probe  
  54  17:39  Probe  
  54  17:42  Pylon  
  55  17:49  Stargate  
  55  17:50  Stargate  
  55  17:54  Stargate  
  59  18:00  Stargate  
Show
View Real Time Build Order
Export as new Build Order

Bennur Terran 

Build Orders: Mech 

Get SALT Encoding   

  12  0:02  SCV  
  13  0:15  SCV  
  14  0:27  SCV  
  15  0:29  Supply Depot  
  15  0:51  SCV  
  15  0:54  Supply Depot  
  16  1:03  SCV  
  17  1:07  Barracks  
  17  1:15  SCV  
  18  1:18  Supply Depot  
  18  1:27  SCV  
  19  1:39  SCV  
  20  1:46  Barracks  
  20  1:49  Refinery  
  20  1:51  SCV  
  20  1:52  Refinery  
  21  1:58  Engineering Bay  
  21  2:00  Marine  
  22  2:04  SCV  
  23  2:18  Marine  
  24  2:24  SCV  
  25  2:33  Engineering Bay  
  25  2:36  Marine, SCV  
  27  2:37  Barracks Tech Lab  
  27  2:48  SCV  
  27  2:49  Factory  
  28  2:54  Marine  
  29  3:03  Bunker  
  29  3:12  Barracks Reactor  
  29  3:14  Marine  
  30  3:31  Marine  
  31  3:36  Missile Turret  
  31  3:37  Combat Shields  
  31  3:41  Factory Tech Lab  
  31  3:48  Armory  
  31  3:49  Marine  
  32  3:57  Missile Turret  
  32  4:07  Marine  
  33  4:10  Siege Tank  
  36  4:25  Marine, Command Center  
  37  4:46  Factory  
  37  4:53  Missile Turret  
  37  4:55  Orbital Command  
  37  5:01  Hi-Sec Auto Tracking  
  37  5:05  Terran Infantry Weapons Level 1  
  37  5:15  Terran Vehicle And Ship Armor Level 1  
  37  5:31  Factory Tech Lab  
  37  5:37  Supply Depot  
  37  5:41  SCV  
  38  5:53  SCV  
  39  5:58  Terran Infantry Armor Level 1  
  39  5:59  Marine x3  
  42  6:05  SCV  
  42  6:09  Supply Depot  
  43  6:17  SCV  
  44  6:20  Refinery  
  44  6:23  Refinery  
  44  6:29  SCV  
  45  6:40  Missile Turret  
  45  6:41  SCV  
  45  6:44  Missile Turret  
  46  6:53  SCV  
  47  7:00  Thor  
  53  7:05  SCV  
  54  7:09  Terran Vehicle Weapons Level 1  
  54  7:18  SCV  
  54  7:19  Thor  
  54  7:20  Factory  
  61  7:50  Command Center  
  61  7:51  Thor  
  67  8:09  Orbital Command  
  67  8:29  Thor  
  67  8:32  Factory Tech Lab  
  73  8:36  Supply Depot  
  73  8:51  Thor  
  79  9:02  Terran Vehicle And Ship Armor Level 2  
  79  9:06  Orbital Command  
  79  9:07  Supply Depot  
  79  9:27  Thor  
  85  9:47  Refinery  
  85  9:50  Refinery  
  85  9:53  Thor  
  91  10:07  Supply Depot  
  91  10:12  Thor  
  97  10:20  Thor  
  103  10:25  SCV  
  104  10:38  SCV  
  105  10:43  Thor  
  111  10:50  SCV  
  112  11:01  Supply Depot  
  112  11:02  SCV  
  112  11:03  Thor  
  119  11:04  Thor  
  125  11:14  SCV  
  126  11:18  Terran Vehicle Weapons Level 2  
  72  12:14  Marine x2  
  72  12:15  Marine  
  69  12:29  Thor  
  69  12:30  Thor x2  
  69  12:32  Marine x3  
  90  12:43  Starport  
  90  12:50  Marine x3  
  93  12:58  Stimpack  
  93  13:08  Marine x3  
  93  13:12  Thor x2  
  96  13:13  Thor  
  103  13:26  Marine  
  84  13:34  Terran Vehicle And Ship Armor Level 3  
  61  13:47  Orbital Command  
  59  13:53  Marine  
  59  13:54  Marine x2  
  62  14:08  Starport Reactor  
  62  14:11  Marine x2  
  62  14:12  Marine  
  65  14:22  Fusion Core  
  65  14:29  Marine x3  
  65  14:30  SCV  
  69  14:42  SCV  
  69  14:44  Medivac  
  69  14:45  Medivac  
  74  14:47  Marine x3  
  77  14:54  SCV  
  78  15:05  Marine x3  
  78  15:06  SCV  
  82  15:14  Medivac  
  82  15:15  Medivac  
  82  15:18  SCV  
  87  15:22  Marine  
  87  15:23  Marine x2  
  87  15:27  Barracks  
  90  15:40  Marine x2  
  90  15:41  Marine  
  93  15:44  Medivac x2  
  97  15:58  Marine x3  
  100  16:14  Medivac  
  100  16:16  Marine x3  
  105  16:29  Barracks Reactor  
  105  16:32  Supply Depot  
  105  16:34  Marine  
  105  16:35  Marine  
  105  16:36  Marine  
  107  16:52  Marine  
  107  16:53  Marine x2  
  63  17:10  Marine  
  63  17:11  Marine x2  
  52  17:22  Marine x2  
  46  17:27  Marine  
  46  17:29  Marine x2  
  51  17:40  Marine x2  
Tags
 
Add a new tag
Caveats
  • Supply blocks, unpowered buildings, or Contaminate may cause inaccurate times.
  • Supply counts are checked every 10 seconds.